 Dungeon Crawl Stone Soup version 0.30.0-5-g1a98f26d00 (webtiles) character file.

Game seed: 779074591753658468

12917 growler the Thaumaturge (level 12, 0/86 HPs)
             Began as a Djinni Conjurer on May 9, 2023.
             Was a Follower of Ashenzari.
             Hit by a silver javelin thrown by a minotaur (2 damage)
             ... in a Gauntlet.
             The game lasted 00:37:49 (8990 turns).

growler the Thaumaturge (Djinni Conjurer)           Turns: 8990, Time: 00:37:49

Health: 0/86       AC:  4    Str:  9    XL:     12   Next: 26%
Gold:   794        EV: 11    Int: 25    God:    Ashenzari [*.....] SH:  3 Dex: 12

rFire   + + .        t - +10 mace "ETAOIN SHRDLU" {protect, rPois Str+3 SInv}
rCold   . . .        m - +0 buckler
rNeg    . . .        a - +0 robe
rPois   ∞            (no helmet)
rElec   .            w - +1 cloak "Profound Discomfort" {Self, Range} (curse)
rCorr   .            (no gloves)
SInv    +            (boots unavailable)
Will    ++...        g - amulet "Sorrow of Ashenzari" {Regen+, Evo, Self} (curse)
Stlth   ++           P - ring of protection from cold
HPRegen 1.14/turn    Q - ring of willpower
MPRegen 0.00/turn

%: no teleportation, infuse magic (-1 HP)
@: flying, studying Throwing
A: sickness immunity, fire resistance 2, cold vulnerability 1, float, innate
caster, HP casting, extra vitality 1
a: Renounce Religion, Shatter the Chains


You were in a Gauntlet.
You worshipped Ashenzari.
Ashenzari was aware of your devotion.
You visited 2 branches of the dungeon, and saw 12 of its levels.
You also visited: Sewer and Gauntlet.

You collected 794 gold pieces.

Inventory:

Hand Weapons
 t - the +10 mace "ETAOIN SHRDLU" (weapon) {protect, rPois Str+3 SInv}
   (You found it on level 3 of the Dungeon)

   Str:       It affects your strength (+3).
   rPois:     It protects you from poison.
   SInv:      It lets you see invisible.
Armour
 a - a +0 robe (worn)
 m - a +0 buckler (worn)
 w - the cursed +1 cloak "Profound Discomfort" (worn) {Self, Range}
   (You found it on level 3 of the Dungeon)

   It has a curse which improves the following skills: Introspection: Fighting
   and Spellcasting.
   Ranged Combat: Ranged Weapons and Throwing.
 D - +0 steam dragon scales
 J - a +1 hat
 N - a +0 helmet
Jewellery
 g - the cursed amulet "Sorrow of Ashenzari" (around neck) {Regen+, Evo, Self}
   (You found it on level 1 of the Dungeon)

   [amulet of regeneration]

   Regen:     It increases your rate of health regeneration.
   It has a curse which improves the following skills: Evocations: Evocations.
   Introspection: Fighting and Spellcasting.
 h - an amulet of the acrobat
 P - a ring of protection from cold (left hand)
 Q - a ring of willpower (right hand)
 R - a ring of protection from fire
Wands
 r - a wand of digging (13)
 y - a wand of mindburst (15)
 K - a wand of acid (9)
 L - a wand of flame (11)
 O - a wand of charming (3)
Scrolls
 b - 10 scrolls of identify
 c - 2 scrolls of noise
 e - 8 scrolls of teleportation
 i - a scroll of enchant weapon
 j - 3 scrolls of magic mapping
 s - a scroll of poison
 x - a scroll of immolation
 B - 2 scrolls of vulnerability
 E - 3 scrolls of fear
 G - 2 scrolls of fog
 H - a scroll of amnesia
 I - 5 scrolls of enchant armour
 M - 3 scrolls of butterflies
Potions
 d - 8 potions of curing
 f - 5 potions of flight
 k - a potion of heal wounds
 l - 3 potions of mutation
 n - 3 potions of lignification
 o - 2 potions of attraction
 p - a potion of haste
 q - 3 potions of brilliance
 u - 3 potions of berserk rage
 v - a potion of cancellation
 z - a potion of resistance
 A - a potion of magic
 C - 2 potions of might
 F - a potion of degeneration


   Skills:
 + Level 6.7(7.9) Fighting
 - Level 2.2 Dodging
 - Level 1.6 Stealth
 + Level 12.9(14.0) Spellcasting
 + Level 6.8(7.6) Evocations


You knew the following spells:

 Your Spells              Type           Power      Damage    Failure   Level
a - Magic Dart            Conj           100%       1d8       0%          1
b - Searing Ray           Conj           100%       2d8       1%          2
c - Dazzling Flash        Conj/Hex       100%       N/A       1%          3
d - Fulminant Prism       Conj/Hex       36%        3d17      1%          4
e - Iskenderun's Mystic   Conj/Tloc      73%        2d15      1%          4
f - Shock                 Conj/Air       100%       1d9       0%          1
g - Call Imp              Summ           100%       N/A       1%          2
h - Inner Flame           Hex/Fire       73%        N/A       1%          3
i - Confusing Touch       Hex            73%        N/A       1%          3
j - Sticky Flame          Conj/Fire      73%        2d9       1%          4
Your spell library was empty.

Dungeon Overview and Level Annotations

Branches:
Dungeon (11/15)            Temple (1/1) D:5            Lair (0/5) D:9
    Orc (0/2) D:9           Sewer (visited)         Gauntlet (1/1)

Altars:
Ashenzari
Cheibriados
Dithmenos
Elyvilon
Fedhas
Gozag
Makhleb
Nemelex Xobeh
Okawaru
Qazlal
Ru
Trog
Uskayaw
Wu Jian
Xom
Yredelemnul
Zin
The Shining One
Jiyva

Annotations:
D:7 3 runed translucent doors, gl4mour's ghost, novice MiBe Gauntlet 8 transporters


Innate Abilities, Weirdness & Mutations

You are immune to sickness and miasma.
You are immune to poison.
Your flesh is very heat resistant. (rF++)
You are vulnerable to cold. (rC-)
You float through the air rather than walking.
You learn spells naturally, not from books.
Your magical power is your life essence.
You have superior vitality. (+4 MHP)


Message History

The hell beast is severely wounded.
The hell beast is knocked back by the mystic blast.
Unknown command.
Casting: Iskenderun's Mystic Blast (safe; 1% risk of failure)
Confirm with . or Enter, or press ? or * to list all spells.
You erupt in a blast of force!
The mystic blast hits the hell beast!!
You kill the hell beast!
The mystic blast hits the hell hound!!
You kill the hell hound!
HP restored.
R - a ring of protection from fire
M - 3 scrolls of butterflies (gained 2) Partly explored, unvisited transporter.
There is a transporter landing site here.
You see here a ring of poison resistance.
There is a transporter here.
You enter the transporter and appear at another place.
There is a transporter landing site here.
You reach down and open the door.
A minotaur comes into view.
It is wielding a +2 spear of venom, wearing the ring "Leaggij" {Drain *Slow rElec Int+6 Dex+9} and quivering silver javelins.
The minotaur bellows!
Found a ring of flight.
Found a gate leading back out of this place.
The minotaur throws a silver javelin.
The silver javelin pierces through you!!!
There is an open door here.
Casting: Iskenderun's Mystic Blast (safe; 1% risk of failure)
Confirm with . or Enter, or press ? or * to list all spells.
You erupt in a blast of force!
The mystic blast hits the minotaur!!
The minotaur is moderately wounded.
The minotaur is knocked back by the mystic blast.
Aiming: Corrosive Bolt
Press: ? - help, Shift-Dir - straight line, f - minotaur
Aim: a minotaur, wielding a +2 spear of venom, wearing a +0 chain mail, wearing the ring "Leaggij" {Drain *Slow rElec Int+6 Dex+9} and quivering silver javelins (moderately wounded, 84% to hit)
The bolt of acid hits the minotaur!
The acid corrodes the minotaur!
The minotaur is heavily wounded.
The minotaur throws a silver javelin.
The silver javelin pierces through you!!
* * * LOW HITPOINT WARNING * * *
You die...

.##.##..≈# #..###..##
#.#.=#..≈#########
######..###.##...#
........##..##.#.#
######..#......#.#
.yy.y#..#...##.#.#
#.#..#.8#.©.##...# +###
#.#.$#..#...##.#@##.⌠..#
#©#.©#.∩#.©....#.'..H.⌠+
#.#.=#..#...##.#.##∩...#
#.#.?#.8#.©.##...# .⌠.#
.....#..#...##.#.# +##
######..#......#.#
........##..##.#.#
######..###.##...#
.##..#..≈#########


You could see a minotaur (corroded).

Vanquished Creatures
  A hell beast (Gauntlet)
  A two-headed ogre (D:10)
  A necromancer (Gauntlet)
  Maggie (D:10)
  A troll (D:8)
  A slime creature (D:10)
  2 centaur simulacra (Gauntlet)
  2 shadows
  3 wyverns
  A wraith (D:9)
  28 yaks
  A basilisk (D:9)
  2 steam dragons
  5 vampire mosquitoes
  5 water moccasins
  Duvessa (D:6)
  2 hell hounds (Gauntlet)
  2 orc warriors
  An ice beast (D:5)
  A sky beast (D:7)
  An ice dragon simulacrum (Gauntlet)
  An ogre (D:3)
  4 wolves (Gauntlet)
  3 centaurs
  2 kobold brigands (D:9)
  3 bullfrogs
  2 gnoll sergeants (D:8)
  A scorpion (D:5)
  6 wights
  Dowan (D:6)
  6 killer bees (D:8)
  3 howler monkeys
  A crimson imp (D:3)
  5 hounds
  6 orc priests
  A sleepcap (D:5)
  5 jellies
  A gnoll bouda (D:6)
  4 iguanas
  10 orc wizards
  A malarious merfolk avatar (Sewer)
  A sickly merfolk siren (Sewer)
  12 gnolls
  7 adders
  2 river rats (Sewer)
  An ufetubus (D:6)
  2 worms (D:2)
  7 dart slugs
  26 orcs
  7 ball pythons
  5 bats
  8 endoplasms
  7 giant cockroaches
  6 goblins
  6 hobgoblins
  4 jackals
  4 quokkas
  12 frilled lizards
  11 kobolds
  31 rats
288 creatures vanquished.

Vanquished Creatures (others)
  28 fulminant prisms
28 creatures vanquished.

Grand Total: 316 creatures vanquished

Notes
Turn   | Place    | Note
-------+----------+-------------------------------------------
     0 | D:1      | growler the Djinni Conjurer began the quest for the Orb.
     0 | D:1      | growler set off with the following spells memorised: Magic
                  | Dart, Searing Ray, Dazzling Flash, Fulminant Prism,
                  | Iskenderun's Mystic Blast.
     0 | D:1      | Reached XP level 1. HP: 15/15 MP: 0/0
    95 | D:1      | Reached XP level 2. HP: 20/21 MP: 0/0
   729 | D:1      | Reached XP level 3. HP: 20/25 MP: 0/0
   729 | D:1      | Learned a level 1 spell: Shock
   939 | D:2      | Reached skill level 4 in Spellcasting
  1110 | D:2      | Found a faded altar of an unknown god.
  1326 | D:2      | Reached XP level 4. HP: 31/31 MP: 0/0
  1896 | D:3      | Found a burning altar of Makhleb.
  1896 | D:3      | Found a shimmering altar of Xom.
  1901 | D:3      | Reached XP level 5. HP: 35/35 MP: 0/0
  1901 | D:3      | Learned a level 2 spell: Call Imp
  1928 | D:3      | Found a shadowy altar of Dithmenos.
  1968 | D:3      | Identified the +10 mace "ETAOIN SHRDLU" {protect, rPois
                  | Str+3 SInv}
  2592 | D:4      | Noticed an ogre
  2605 | D:3      | Killed an ogre
  2606 | D:3      | Reached skill level 5 in Spellcasting
  2606 | D:3      | Reached XP level 6. HP: 23/40 MP: 0/0
  2655 | D:4      | Found a glowing drain.
  2666 | Sewer    | Entered a sewer
  2862 | Sewer    | Reached skill level 6 in Spellcasting
  3044 | D:4      | Reached XP level 7. HP: 40/45 MP: 0/0
  3044 | D:4      | Learned a level 3 spell: Inner Flame
  3416 | D:5      | Entered Level 5 of the Dungeon
  3450 | D:5      | Reached skill level 7 in Spellcasting
  3546 | D:5      | Reached XP level 8. HP: 49/50 MP: 0/0
  3730 | D:5      | Found a staircase to the Ecumenical Temple.
  3746 | Temple   | Entered the Ecumenical Temple
  3746 | Temple   | Found a transporter.
  3746 | Temple   | Found a transporter.
  3748 | Temple   | Found a transporter.
  3748 | Temple   | Found a transporter.
  3779 | Temple   | Became a worshipper of Ashenzari the Shackled
  4042 | D:5      | Reached skill level 8 in Spellcasting
  4208 | D:6      | Noticed Duvessa
  4210 | D:6      | Noticed Dowan
  4217 | D:6      | Killed Duvessa
  4223 | D:6      | Killed Dowan
  4348 | D:6      | Reached XP level 9. HP: 54/55 MP: 0/0
  4348 | D:6      | Learned a level 3 spell: Confusing Touch
  4453 | D:6      | Found a blossoming altar of Fedhas.
  4607 | D:6      | Reached skill level 9 in Spellcasting
  5118 | D:7      | Found a runed translucent gate.
  5118 | D:7      | Found a runed translucent gate.
  5118 | D:7      | Found a runed translucent gate.
  5150 | D:7      | Noticed gl4mour's ghost (novice MiBe)
  5417 | D:7      | Found a basalt altar of Yredelemnul.
  5627 | D:8      | Reached skill level 10 in Spellcasting
  5828 | D:8      | Noticed a troll
  5835 | D:8      | Killed a troll
  5836 | D:8      | Reached XP level 10. HP: 53/60 MP: 0/0
  5993 | D:8      | Reached skill level 11 in Spellcasting
  6166 | D:8      | Found a stormy altar of Qazlal.
  6328 | D:9      | Found a staircase to the Lair.
  6484 | D:9      | Found a staircase to the Orcish Mines.
  6781 | D:9      | Reached skill level 1 in Fighting
  6781 | D:9      | Reached skill level 1 in Evocations
  6789 | D:9      | Reached skill level 12 in Spellcasting
  7335 | D:10     | Entered Level 10 of the Dungeon
  7363 | D:10     | Reached XP level 11. HP: 64/70 MP: 0/0
  7363 | D:10     | Learned a level 4 spell: Sticky Flame
  7643 | D:10     | Noticed a two-headed ogre
  7646 | D:10     | Found an opulent altar of Gozag.
  7654 | D:10     | Noticed Maggie
  7656 | D:10     | Killed a two-headed ogre
  7661 | D:10     | Found a hide-covered altar of Uskayaw.
  7661 | D:10     | Noticed a +0 hand axe
  7661 | D:10     | Noticed a +0 hand axe
  7725 | D:10     | Found a viscous altar of Jiyva.
  7831 | D:10     | Killed Maggie
  7832 | D:10     | Reached skill level 5 in Fighting
  7832 | D:10     | Reached skill level 5 in Evocations
  7882 | D:10     | Identified the +2 whip "Avanoum" {freeze, Int+5 Dex-5}
  7946 | D:10     | Reached * piety under Ashenzari
  8016 | D:10     | Found a sparkling altar of Nemelex Xobeh.
  8294 | D:11     | Found a gate leading to a gauntlet.
  8332 | D:11     | Reached XP level 12. HP: 24/85 MP: 0/0
  8407 | Gauntlet | Entered a Gauntlet
  8407 | Gauntlet | Found a transporter.
  8407 | Gauntlet | Found a transporter.
  8413 | Gauntlet | Found a transporter.
  8417 | Gauntlet | Identified the +0 robe of Impermeability {Dex+4 Slay+2
                  | SInv}
  8438 | Gauntlet | Found a transporter.
  8446 | Gauntlet | Found a transporter.
  8446 | Gauntlet | Found a transporter.
  8446 | Gauntlet | Found a transporter.
  8449 | Gauntlet | Found a transporter.
  8449 | Gauntlet | Found a transporter.
  8455 | Gauntlet | Noticed a hell beast
  8463 | Gauntlet | Found a transporter.
  8481 | Gauntlet | Found a transporter.
  8489 | Gauntlet | Noticed a green death
  8490 | Gauntlet | Found the +3 pair of gauntlets of War {Slay+5}
  8491 | Gauntlet | Found a transporter.
  8506 | Gauntlet | Found a transporter.
  8526 | Gauntlet | Found a transporter.
  8526 | Gauntlet | Noticed a sixfirhy
  8730 | Gauntlet | HP: 2/85 [ice dragon simulacrum (28)]
  8944 | Gauntlet | Killed a hell beast
  8986 | Gauntlet | Identified the ring "Cupn" {*Slow rF+ Dex+3 Slay+4}
  8986 | Gauntlet | Identified the +2 quarterstaff of Rolef {drain, +Blink
                  | Str+2 Dex+3 Stlth+}
  8986 | Gauntlet | Identified the ring "Leaggij" {Drain *Slow rElec Int+6
                  | Dex+9}
  8986 | Gauntlet | Noticed a minotaur
  8990 | Gauntlet | HP: 2/86 [minotaur/silver javelin (34)]
  8990 | Gauntlet | Hit by a silver javelin thrown by a minotaur

Illustrated notes

Levels and vault maps discovered:
D:1:      minmay_arrival_four_houses, layout_loops_ring, serial_aquarium,
          aquarium_bridge_square [aquarium_subvault_wall,
          aquarium_subvault_window, aquarium_subvault_window,
          aquarium_subvault_bridge], aquarium_bridge_square
          [aquarium_subvault_bridge, aquarium_subvault_bridge,
          aquarium_subvault_window, aquarium_subvault_window],
          aquarium_window_1, aquarium_window_3, aquarium_window_1,
          aquarium_view_2f, aquarium_balcony_3b, minmay_crystal_water,
          grunt_decor_fettered, hangedman_feature_mirror
D:2:      wad_crossroads, layout_loops_corners,
          shapermc_ecumenical_altar_pompeii, kennysheep_generic_room_2
D:3:      layout_basic, grunt_temple_overflow_champion_of_chaos,
          grunt_dithmenos_smoke
D:4:      layout_rooms, cheibrodos_sewer_entry_drain
D:5:      layout_cave_pools, temple_pool_b, minmay_pentangle
D:6:      layout_gridville, fedhas_altar_1, uniq_duvessa
D:7:      layout_gridville, mainiacjoe_overflow_chevrons, gammafunk_ghost_icy
D:8:      layout_rooms, marbit_many_paths, nicolae_overflow_hidden_temple,
          minmay_manual_mullet
D:9:      layout_grid_maze, lemuel_coloured_pillars_altar,
          minmay_lair_entry_grove, orc_0_dummy, grunt_decor_arrowhead
D:10:     layout_basic, general_overflow_altar, dancing_weapons_uskayaw,
          mainiacjoe_overflow_concentric_impassable, jiyva_altar_1, uniq_maggie
D:11:     layout_gridville, serial_glass, glass_columns_a, glass_columns_b,
          minmay_strange_pillars, gauntlet_entry_generic
Temple:   hellmonk_temple_divided_pantheon
Gauntlet: gammafunk_gauntlet_mixed_choke_point
          [minmay_gauntlet_arena_77_double_cross,
          minmay_gauntlet_arena_77_block_sizes,
          minmay_gauntlet_arena_77_radiant_squares,
          gammafunk_gauntlet_arena_grid, minmay_gauntlet_arena_77_squiggly,
          minmay_gauntlet_arena_77_chump_sandwich,
          minmay_gauntlet_arena_77_tiled_triplets, gauntlet_exit_hidden_loot]

Skill      XL: |  1  2  3  4  5  6  7  8  9 10 11 |
---------------+----------------------------------+-----
Spellcasting   | 4 5 6 7 8 10 12 | 12.9
Fighting       | 2 6 |  6.7
Evocations     | 2 6 |  6.8
Dodging        | |  2.2
Stealth        | |  1.6

Action                     |  1- 3 |  4- 6 |  7- 9 | 10-12 || total
---------------------------+-------+-------+-------+-------++-------
  Melee: Mace              |       |     1 |    24 |    35 ||    60
   Cast: Magic Dart        |    79 |   133 |   155 |    89 ||   456
         Searing Ray       |     1 |     3 |       |       ||     4
         Fulminant Prism   |       |       |    16 |    12 ||    28
         Inner Flame       |       |       |     1 |       ||     1
         Iskenderun's Myst |       |       |    32 |    69 ||   101
 Invoke: Curse Item        |       |       |       |     2 ||     2
  Evoke: Wand              |       |       |       |     4 ||     4
    Use: Scroll            |       |       |     9 |     2 ||    11
         Potion            |       |       |       |     2 ||     2
 Armour: Robe              |     5 |     6 |    24 |    21 ||    56
  Dodge: Dodged            |    12 |    11 |    37 |    34 ||    94
  Block: Buckler           |     1 |     2 |     8 |    10 ||    21
